 Dungeon Crawl Stone Soup version 0.29-a0-359-g541a27f54d (webtiles) character file.

Game seed: 12938007683880470207

277614 freelancePsychic the Swashbuckler (level 20, 0/168 HPs)
             Began as a Gnoll Monk on Apr 26, 2022.
             Was the Champion of Vehumet.
             Succumbed to a spriggan defender's poison
             ... on level 2 of the Depths on Apr 27, 2022.
             The game lasted 01:39:34 (49676 turns).

freelancePsychic the Swashbuckler (Gnoll Monk)     Turns: 49676, Time: 01:39:35

Health: 0/168      AC: 18    Str: 11    XL:     20   Next: 40%
Magic:  33/37      EV: 26    Int: 18    God:    Vehumet [******]
Gold:   2363       SH:  8    Dex: 18    Spells: 10/46 levels left

rFire   . . .      SeeInvis .   a - staff of conjuration
rCold   + . .      Faith    .   u - +0 buckler
rNeg    . . .      Spirit   .   q - +1 robe "Maub" {rCorr Archmagi}
rPois   .          Reflect  .   i - +2 helmet
rElec   .          Harm     .   D - +2 cloak
rCorr   +          Rampage  .   s - +2 pair of gloves
Will    +....      Archmagi +   S - +0 pair of boots
Stlth   ++++++....              I - amulet of magic regeneration
HPRegen 0.38/turn               E - ring of Goboif {Fly EV+4 Dex+3}
MPRegen 0.65/turn               H - ring of protection from cold

@: lethally poisoned (0 -> -3), flying, very slightly contaminated, studying 2
skills, unable to drink
A: fangs 1, strong nose, distributed training, iridescent scales 1
}: 2/15 runes: barnacled, gossamer
a: Renounce Religion


You were on level 2 of the Depths.
You worshipped Vehumet.
Vehumet was exalted by your worship.
You visited 7 branches of the dungeon, and saw 35 of its levels.
You also visited: Ice Cave.

You collected 3988 gold pieces.
You spent 1625 gold pieces at shops.

Inventory:

Hand Weapons
 b - a +2 demon whip of freezing
Armour
 i - a +2 helmet (worn)
 q - the +1 robe "Maub" (worn) {rCorr Archmagi}
   (You bought it in a shop on level 4 of the Dungeon)

   rCorr:     It protects you from acid and corrosion.
   Archmagi:  It increases the power of your magical spells.
 s - a +2 pair of gloves (worn)
 u - a +0 buckler (worn)
 D - a +2 cloak (worn)
 G - +0 swamp dragon scales
 J - +0 fire dragon scales
 S - a +0 pair of boots (worn)
 T - a +1 pair of gloves of dexterity
Magical Staves
 a - a staff of conjuration (weapon)
Jewellery
 z - a ring of fire
 E - the ring of Goboif (left hand) {Fly EV+4 Dex+3}
   (You took it off a draconian knight in an ice cave)

   [ring of evasion]

   EV:        It affects your evasion (+4).
   Dex:       It affects your dexterity (+3).
   Fly:       It grants you flight.
 H - a ring of protection from cold (right hand)
 I - an amulet of magic regeneration (around neck)
 K - an amulet of reflection
 P - the ring "Fetwev" {Ice +Blink Int+5 Dex-2 Stlth+}
   (You acquired it on level 2 of the Orcish Mines)

   [ring of ice]

   It enhances your ice magic.
   Int:       It affects your intelligence (+5).
   Dex:       It affects your dexterity (-2).
   rF:        It makes you vulnerable to fire.
   rC:        It protects you from cold.
   +Blink:    It lets you blink.
   Stlth:     It makes you more stealthy.
 Q - a ring of protection from fire
 V - a ring of resist corrosion
 X - the amulet of Caotang {-Tele Regen+ Str+6}
   (You took it off a white draconian in an ice cave)

   [amulet of regeneration]

   Str:       It affects your strength (+6).
   -Tele:     It prevents most forms of teleportation.
   Regen:     It increases your rate of health regeneration.
Wands
 n - a wand of iceblast (55)
 r - a wand of flame (44)
 y - a wand of acid (11)
 A - a wand of paralysis (31)
 L - a wand of polymorph (14)
 O - a wand of digging (11)
 W - a wand of mindburst (18)
Scrolls
 d - 6 scrolls of fear
 f - 2 scrolls of blinking
 h - 13 scrolls of teleportation {@r4}
 m - a scroll of holy word
 v - 3 scrolls of fog
 x - 10 scrolls of magic mapping
 B - a scroll of summoning
 F - a scroll of brand weapon
 R - 14 scrolls of identify {@r1}
 U - 4 scrolls of immolation
 Y - a scroll of silence
Potions
 c - 4 potions of lignification
 e - 6 potions of attraction
 g - 3 potions of berserk rage
 j - 6 potions of haste {@q3}
 k - 6 potions of might
 l - 2 potions of heal wounds {@q2}
 o - 2 potions of mutation
 p - 3 potions of brilliance
 t - 16 potions of ambrosia
 w - a potion of curing {@q1}
 C - 4 potions of flight
 N - 6 potions of magic
Miscellaneous
 M - a condenser vane
 Z - a tin of tremorstones (2/2)


   Skills:
 + Level 17.5 Fighting
 + Level 17.9 Short Blades
 + Level 13.7 Long Blades
 + Level 13.7 Axes
 + Level 13.7 Maces & Flails
 + Level 15.1 Polearms
 + Level 13.7 Staves
 + Level 13.7 Slings
 + Level 13.7 Bows
 + Level 13.7 Crossbows
 + Level 13.7 Throwing
 + Level 13.7 Armour
 + Level 15.1 Dodging
 + Level 14.3 Stealth
 + Level 13.7 Shields
 + Level 13.7 Unarmed Combat
 + Level 13.7 Spellcasting
 + Level 11.6 Conjurations
 + Level 11.6 Hexes
 + Level 11.6 Summonings
 + Level 11.6 Necromancy
 + Level 11.6 Translocations
 + Level 11.6 Transmutations
 + Level 11.6 Fire Magic
 + Level 11.6 Ice Magic
 + Level 11.6 Air Magic
 + Level 11.6 Earth Magic
 + Level 11.6 Poison Magic
 + Level 14.9 Invocations
 + Level 13.7 Evocations


You had 10 spell levels left.
You knew the following spells:

 Your Spells              Type           Power      Damage    Failure   Level
a - Iron Shot             Conj/Erth      44%        9d9       2%          6
b - Ozocubu's Refrigerat  Ice            34%        4d11      12%         7
c - Ignite Poison         Fire/Tmut/Pois 69%        N/A       1%          3
d - Olgreb's Toxic Radia  Pois           69%        N/A       1%          4
e - Freezing Cloud        Conj/Ice/Air   44%        6-21      1%          5
f - Passwall              Tmut/Erth      57%        N/A       1%          2
g - Dispel Undead         Necr           69%        3d23      1%          4
h - Irradiate             Conj/Tmut      44%        3d28      1%          5

Your spell library contained the following spells:

 Spells                   Type           Power      Damage    Failure   Level
 Lehudib's Crystal Spear  Conj/Erth      44%        10d11     61%         8
 Polar Vortex             Ice            34%        N/A       100%        9
 Shatter                  Erth           34%        3d28*     100%        9
 Foxfire                  Conj/Fire      100%       2x1d9     1%          1
 Freeze                   Ice            100%       1d11      1%          1
 Magic Dart               Conj           100%       1d8       1%          1
 Sandblast                Erth           100%       2d20      1%          1
 Summon Small Mammal      Summ           100%       N/A       1%          1
 Call Imp                 Summ           69%        N/A       1%          2
 Corpse Rot               Necr/Air       100%       N/A       1%          2
 Scorch                   Fire           100%       2d10      1%          2
 Searing Ray              Conj           100%       2d8       1%          2
 Static Discharge         Conj/Air       89%        N/A       1%          2
 Sublimation of Blood     Necr           69%        N/A       1%          2
 Call Canine Familiar     Summ           69%        N/A       1%          3
 Conjure Flame            Conj/Fire      89%        6-21      1%          3
 Frozen Ramparts          Ice            100%       1d12      1%          3
 Inner Flame              Hex/Fire       69%        N/A       1%          3
 Mephitic Cloud           Conj/Pois/Air  89%        N/A       1%          3
 Ozocubu's Armour         Ice            69%        N/A       1%          3
 Stone Arrow              Conj/Erth      100%       3d13      1%          3
 Summon Guardian Golem    Hex/Summ       69%        N/A       1%          3
 Flame Wave               Conj/Fire      89%        2d15      1%          4
 Fulminant Prism          Conj/Hex       44%        3d20      1%          4
 Hailstorm                Conj/Ice       89%        3d18      1%          4
 Ice Form                 Ice/Tmut       69%        N/A       1%          4
 Petrify                  Tmut/Erth      69%        N/A       1%          4
 Sticky Flame             Conj/Fire      89%        2d10      1%          4
 Summon Ice Beast         Ice/Summ       69%        N/A       1%          4
 Fireball                 Conj/Fire      44%        3d18      1%          5
 Lightning Bolt           Conj/Air       44%        1d64      1%          5
 Metabolic Englaciation   Hex/Ice        34%        N/A       1%          5
 Summon Mana Viper        Hex/Summ       69%        N/A       1%          5
 Death Channel            Necr           34%        N/A       8%          6
 Simulacrum               Ice/Necr       34%        N/A       8%          6
 Summon Cactus Giant      Summ           34%        N/A       8%          6
 Monstrous Menagerie      Summ           34%        N/A       41%         7
 Maxwell's Capacitive Co  Air            34%        ∞         61%         8
 Chain Lightning          Conj/Air       44%        3d59      100%        9


Dungeon Overview and Level Annotations

Branches:
Dungeon (15/15)            Temple (0/1) D:6            Lair (6/6) D:10
 Shoals (4/4) Lair:2       Spider (4/4) Lair:2        Slime (0/5) Lair:5
    Orc (2/2) D:9             Elf (2/3) Orc:2        Vaults (0/5) D:14
 Depths (2/4) D:15          IceCv (visited)

Altars:
Ashenzari
Cheibriados
Fedhas
Hepliaklqana
Kikubaaqudgha
Makhleb
Qazlal
Ru
Sif Muna
Vehumet
Xom
Yredelemnul
Zin
Beogh

Shops:
D:4 [   D:10 ?   Orc:2 (*=(?   Elf:1 ?

Portals:
Hell: Depths:1 Depths:2

Annotations:
D:5 exclusion: two-headed ogre
D:10 1 transporter, Palms's ghost, journeyman NaCA
Shoals:3 Donald
Shoals:4 Bai Suzhen
Orc:2 2 transporters, IdlyInterested's ghost, journeyman DsFi
Elf:1 6 runed translucent doors
Elf:2 1 runed translucent door, exclusion: dancing weapon
Depths:2 2 transporters, Lidodu's ghost, adept DDFi


Innate Abilities, Weirdness & Mutations

You have very sharp teeth.
Your uncanny sense of smell can sniff out nearby items.
Your experience applies equally to all skills.
You are partially covered in iridescent scales. (AC +2)


Message History

The spriggan defender easily resists.
The spriggan looks frightened!
The spriggan berserker looks frightened!
* * * LOW HITPOINT WARNING * * *
You feel extremely sick. You block the elephant's attack.
The elephant barely misses you.
Unknown command.
You cannot drink potions in your current state!
* * * LOW HITPOINT WARNING * * *
You feel extremely sick.
The entropy weaver changes into an ettin!
You block the elephant's attack. x2
Okay, then.
Blink to where?
Press: ? - help, Dir - move target
As you read the scroll of blinking, it crumbles to dust.
* * * LOW HITPOINT WARNING * * *
You feel extremely sick.
* * * LOW HITPOINT WARNING * * *
You feel very sick.
The elephant rages.
* * * LOW HITPOINT WARNING * * *
You feel very sick.
The elephant rages.
* * * LOW HITPOINT WARNING * * *
You feel very sick.
The elephant rages.
* * * LOW HITPOINT WARNING * * *
You feel very sick.
* * * LOW HITPOINT WARNING * * *
You feel very sick.
The elephant rages.
There is a transporter landing site here.
* * * LOW HITPOINT WARNING * * *
You feel sick.
The ettin changes into a bunyip!
The elephant rages.
* * * LOW HITPOINT WARNING * * *
You feel sick.
* * * LOW HITPOINT WARNING * * *
You feel sick.
You die...

)ii..)§#.#.....#.#...#####.#.###
§####[.#..#...#..#......##...##
#..#.T..©....#..###.......#
#..#.W#...#..#..# #.#####.#
#..#.#.D...#.#..###.# #.#
#..#...xp$D..#......# #.#
#..##8C?yCQ8##..#########'###
.###...#########...##...........
≈.........iY©i..@....+...≈§≈§≈§≈.
.####...............##...≈#####≈.
#.######.######.##...≈# ≈. #.
#.######.##...§#####§. ##
#.........'...≈≈≈≈§§≈.
#.######.##...[....§§. #.#
#.##........... #..
..##........... #####...........


You could see a shadow dragon, a titan, a storm dragon, a fire giant, a tengu
reaver, a bunyip shaped shifter, an elephant (summoned, berserk), a spriggan
defender, a spark wasp, a spriggan air mage (repels missiles), a deep troll
shaman, a wizard and Lidodu's ghost.

Vanquished Creatures
  the Enchantress (Depths:2)
  A lich (Depths:2)
  Kirke (Lair:5)
  2 sphinxes (D:14)
  An ancient champion (Depths:1)
  A storm dragon (D:14)
  Ilsuiw (Shoals:3)
  A fire giant (Depths:1)
  A frost giant (D:14)
  A draconian knight (IceCv)
  A deep elf sorcerer (Elf:1)
  7 ghost moths
  A balrug (Depths:1)
  5 emperor scorpions
  An iron dragon (Depths:1)
  A juggernaut zombie (D:15)
  5 very ugly things
  4 broodmothers
  A caustic shrike skeleton (Depths:1)
  4 stone giants
  2 spriggan defenders (Depths:2)
  3 deep elf demonologists (Elf:1)
  5 entropy weavers
  5 white draconians (IceCv)
  2 spark wasps
  A dire elephant (Lair:6)
  A deep elf death mage (Elf:2)
  7 merfolk impalers
  7 merfolk javelineers
  An ettin (Depths:1)
  2 fire dragons
  2 jiangshi (Depths:1)
  Josephine (Lair:5)
  A deep elf high priest (Elf:1)
  A yaktaur captain (D:14)
  A rakshasa (Depths:1)
  An ice dragon (Depths:2)
  6 hydras
  A hell beast (Depths:1)
  A vault guard (D:14)
  2 catoblepae (Lair:6)
  6 boulder beetles
  2 alligator snapping turtles (Shoals:4)
  An ogre mage (D:15)
  5 radroaches
  8 centaur warriors
  Erica (Lair:1)
  A spriggan air mage (Depths:1)
  8 two-headed ogres
  10 dancing weapons
  4 tengu warriors
  2 deep troll shamans (Depths:1)
  A death knight (D:14)
  6 satyrs
  6 merfolk aquamancers
  3 merfolk avatars
  7 death yaks (Lair:6)
  3 orc high priests (Orc:2)
  A vampire mage (Depths:1)
  A spriggan berserker (Depths:1)
  3 spriggans
  A storm dragon zombie (Depths:1)
  2 deep elf knights
  An iron troll (Depths:1)
  2 skeletal warriors (D:15)
  A quicksilver dragon simulacrum (Depths:1)
  11 sea snakes
  A glowing orange brain (Depths:1)
  6 pharaoh ants
  10 steelbarb worms
  An orange crystal statue (IceCv)
  11 orb spiders
  A swamp dragon (Lair:6)
  5 deep trolls (Depths:1)
  8 deep elf archers
  A phantasmal warrior (D:15)
  A wizard (D:14)
  9 orc knights
  2 lindwurms
  7 deep elf zephyrmancers
  5 harpies
  2 necromancers
  24 ugly things
  Pikel (D:9)
  10 cyclopes
  2 stone giant zombies (Depths:1)
  6 deep elf pyromancers
  4 orc sorcerers
  A moth of wrath (Spider:3)
  17 wolf spiders
  22 fauns
  20 manticores
  An iron dragon skeleton (D:15)
  17 merfolk sirens
  10 elephants
  11 water nymphs
  6 black mambas
  3 gargoyles
  3 torpor snails
  14 cane toads
  A cane toad (shapeshifter) (D:14)
  7 demonic crawlers
  7 storm dragon simulacra (IceCv)
  7 rime drakes
  An efreet (D:14)
  9 komodo dragons
  A rime drake (shapeshifter) (Elf:1)
  4 freezing wraiths
  Maggie (D:8)
  3 unseen horrors
  A spriggan skeleton (D:15)
  3 golden dragon simulacra (IceCv)
  4 tengu conjurers (D:15)
  A queen bee (Spider:2)
  A polar bear (Lair:2)
  3 wind drakes
  26 merfolk
  8 trolls
  The ghost of Antichthon the Chopper, an amateur NaWr (D:3)
  10 meliai
  31 tarantellas
  5 hornets
  13 snapping turtles
  A spriggan zombie (D:15)
  16 slime creatures
  21 dream sheep
  12 blink frogs
  31 jumping spiders
  21 culicivoras
  4 shadows
  6 wraiths
  8 air elementals
  An ettin skeleton (Depths:1)
  10 water elementals
  2 fire elementals
  44 yaks
  2 vampires (D:13)
  4 wyverns
  The ghost of Antichthon the Chopper, an amateur NaWr (D:3)
  8 basilisks
  3 steam dragons
  3 hogs (Lair:5)
  The ghost of Antichthon the Bolt Thrower, an amateur FoHu (D:3)
  9 vampire mosquitoes
  Menkaure (D:7)
  64 redbacks
  Edmund (D:6)
  The ghost of Darius099 the Shield-Bearer, an amateur GrFi (D:3)
  5 wargs (Orc:2)
  5 acid dragons
  8 water moccasins
  An ice beast (D:8)
  A swamp drake (Lair:6)
  25 orc warriors
  2 ice dragon simulacra (IceCv)
  3 sky beasts (D:7)
  A black bear (D:5)
  7 ogres
  A boggart (D:14)
  11 wolves
  17 centaurs
  A phantom (D:5)
  2 lemures (D:9)
  Blork the orc (D:5)
  5 bullfrogs
  A kobold brigand (D:8)
  A necrophage (D:4)
  3 scorpions
  An earth elemental (Elf:2)
  3 gnoll sergeants
  12 wights
  9 lindwurm simulacra (IceCv)
  31 killer bees
  2 electric eels
  9 howler monkeys
  2 jellies
  7 hounds
  17 orc priests
  A gnoll shaman (D:6)
  8 iguanas
  24 orc wizards
  11 gnolls
  9 adders
  A shadow imp (D:5)
  3 white imps
  4 worms
  A dart slug (D:3)
  68 orcs
  4 bats
  5 endoplasms
  4 giant cockroaches
  4 goblins
  5 hobgoblins
  5 jackals
  8 kobolds
  A quokka (D:1)
  8 ball pythons
  5 frilled lizards
  5 rats
  A bush (Lair:6)
1235 creatures vanquished.

Vanquished Creatures (others)
  A sea snake (Shoals:4)
  An orc (D:4)
  23 fungi
  158 plants
  9 withered plants (D:15)
192 creatures vanquished.

Grand Total: 1427 creatures vanquished

Notes
Turn   | Place    | Note
-------+----------+-------------------------------------------
     0 | D:1      | freelancePsychic the Gnoll Monk began the quest for the
                  | Orb.
     0 | D:1      | Reached XP level 1. HP: 23/23 MP: 1/1
   244 | D:1      | Reached XP level 2. HP: 22/29 MP: 2/2
   395 | D:1      | Found a faded altar of an unknown god.
   443 | D:1      | Prayed at the altar of an unknown god.
   443 | D:1      | Became a worshipper of Vehumet
   443 | D:1      | Reached * piety under Vehumet
   443 | D:1      | Offered knowledge of Magic Dart by Vehumet.
   443 | D:1      | Reached ** piety under Vehumet
   446 | D:1      | Learned a level 1 spell: Magic Dart
   468 | D:1      | Offered knowledge of Sandblast by Vehumet.
   640 | D:1      | Offered knowledge of Mephitic Cloud by Vehumet.
   672 | D:1      | Reached *** piety under Vehumet
   673 | D:1      | Reached XP level 3. HP: 33/35 MP: 3/3
   992 | D:2      | Reached skill level 1 in Invocations
  1635 | D:2      | Reached skill level 1 in Short Blades
  1635 | D:2      | Reached skill level 1 in Long Blades
  1635 | D:2      | Reached skill level 1 in Axes
  1635 | D:2      | Reached skill level 1 in Maces & Flails
  1635 | D:2      | Reached skill level 1 in Staves
  1635 | D:2      | Reached skill level 1 in Slings
  1635 | D:2      | Reached skill level 1 in Bows
  1635 | D:2      | Reached skill level 1 in Crossbows
  1635 | D:2      | Reached skill level 1 in Throwing
  1635 | D:2      | Reached skill level 1 in Armour
  1635 | D:2      | Reached skill level 1 in Shields
  1635 | D:2      | Reached skill level 1 in Unarmed Combat
  1635 | D:2      | Reached skill level 1 in Spellcasting
  1635 | D:2      | Reached skill level 1 in Evocations
  2008 | D:2      | Reached XP level 4. HP: 41/41 MP: 2/5
  2436 | D:3      | Found a runed translucent gate.
  2436 | D:3      | Found a runed translucent gate.
  2626 | D:2      | Learned a level 3 spell: Mephitic Cloud
  2864 | D:3      | Reached skill level 1 in Conjurations
  2864 | D:3      | Reached skill level 1 in Hexes
  2864 | D:3      | Reached skill level 1 in Summonings
  2864 | D:3      | Reached skill level 1 in Necromancy
  2864 | D:3      | Reached skill level 1 in Translocations
  2864 | D:3      | Reached skill level 1 in Transmutations
  2864 | D:3      | Reached skill level 1 in Fire Magic
  2864 | D:3      | Reached skill level 1 in Ice Magic
  2864 | D:3      | Reached skill level 1 in Air Magic
  2864 | D:3      | Reached skill level 1 in Earth Magic
  2864 | D:3      | Reached skill level 1 in Poison Magic
  2928 | D:4      | Noticed a scorpion
  3089 | D:4      | Reached XP level 5. HP: 32/47 MP: 4/6
  3387 | D:4      | Offered knowledge of Olgreb's Toxic Radiance by Vehumet.
  3417 | D:4      | Reached XP level 6. HP: 40/53 MP: 8/8
  3422 | D:4      | Learned a level 4 spell: Olgreb's Toxic Radiance
  3988 | D:3      | Found a runed translucent gate.
  3989 | D:3      | Noticed Darius099's ghost (amateur GrFi)
  3990 | D:3      | Noticed Antichthon's ghost (amateur NaWr)
  3990 | D:3      | Noticed Antichthon's ghost (amateur NaWr)
  3990 | D:3      | Noticed Antichthon's ghost (amateur FoHu)
  4066 | D:4      | Found Eptoanymumn's Antique Armour Shop.
  4537 | D:4      | Found a sacrificial altar of Ru.
  4633 | D:4      | Bought an ominously black robe for 131 gold pieces
  4633 | D:4      | Identified the +1 robe "Maub" {rCorr Archmagi} (You bought
                  | it in a shop on level 4 of the Dungeon)
  4672 | D:5      | Entered Level 5 of the Dungeon
  4692 | D:5      | Noticed a wraith
  4855 | D:4      | Reached XP level 7. HP: 55/59 MP: 1/10
  5540 | D:5      | Reached skill level 5 in Stealth
  5699 | D:5      | Noticed a two-headed ogre
  5930 | D:5      | Reached XP level 8. HP: 40/67 MP: 6/12
  6535 | D:6      | Noticed Edmund
  6538 | D:5      | Noticed Blork the orc
  6555 | D:5      | Killed Blork the orc
  6653 | D:5      | Reached **** piety under Vehumet
  6963 | D:6      | Found a stormy altar of Qazlal.
  6965 | D:6      | Noticed a water elemental
  6965 | D:6      | Noticed an air elemental
  7103 | D:6      | Found a staircase to the Ecumenical Temple.
  7329 | D:6      | Killed Edmund
  7438 | D:6      | Reached XP level 9. HP: 56/73 MP: 10/14
  7442 | D:6      | Learned a level 3 spell: Ignite Poison
  7808 | D:6      | Offered knowledge of Iskenderun's Battlesphere by Vehumet.
  8323 | D:7      | Found an ancient bone altar of Kikubaaqudgha.
  8326 | D:7      | Found a burning altar of Makhleb.
  8328 | D:7      | Found a glowing silver altar of Zin.
  9016 | D:7      | Noticed Menkaure
  9019 | D:7      | Killed Menkaure
  9073 | D:7      | Reached skill level 5 in Invocations
  9210 | D:7      | Noticed a troll
  9215 | D:7      | Killed a troll
  9368 | D:7      | Reached XP level 10. HP: 80/80 MP: 10/17
  9394 | D:7      | Identified the +4 hunting sling of Ferchep {flame, rElec
                  | rF++ Int-5}
  9800 | D:8      | Noticed Maggie
  9877 | D:8      | Found a snail-covered altar of Cheibriados.
  9952 | D:8      | Learned a level 2 spell: Passwall
 10185 | D:8      | Identified the +8 dagger of Piaffa Feese {vorpal, Str+4}
 10207 | D:8      | Reached skill level 5 in Short Blades
 10207 | D:8      | Reached skill level 5 in Long Blades
 10207 | D:8      | Reached skill level 5 in Axes
 10207 | D:8      | Reached skill level 5 in Maces & Flails
 10207 | D:8      | Reached skill level 5 in Staves
 10207 | D:8      | Reached skill level 5 in Slings
 10207 | D:8      | Reached skill level 5 in Bows
 10207 | D:8      | Reached skill level 5 in Crossbows
 10207 | D:8      | Reached skill level 5 in Throwing
 10207 | D:8      | Reached skill level 5 in Armour
 10207 | D:8      | Reached skill level 5 in Shields
 10207 | D:8      | Reached skill level 5 in Unarmed Combat
 10207 | D:8      | Reached skill level 5 in Spellcasting
 10207 | D:8      | Reached skill level 5 in Evocations
 10846 | D:8      | Learned a level 4 spell: Dispel Undead
 11086 | D:8      | Killed Maggie
 11245 | D:8      | Found a hazy altar of Hepliaklqana.
 11587 | D:9      | Noticed Pikel
 11594 | D:9      | Killed Pikel
 11682 | D:9      | Found a shimmering blue altar of Sif Muna.
 11690 | D:9      | Reached XP level 11. HP: 87/87 MP: 19/19
 11743 | D:9      | Found a staircase to the Orcish Mines.
 11956 | D:9      | Reached skill level 5 in Conjurations
 11956 | D:9      | Reached skill level 5 in Hexes
 11956 | D:9      | Reached skill level 5 in Summonings
 11956 | D:9      | Reached skill level 5 in Necromancy
 11956 | D:9      | Reached skill level 5 in Translocations
 11956 | D:9      | Reached skill level 5 in Transmutations
 11956 | D:9      | Reached skill level 5 in Fire Magic
 11956 | D:9      | Reached skill level 5 in Ice Magic
 11956 | D:9      | Reached skill level 5 in Air Magic
 11956 | D:9      | Reached skill level 5 in Earth Magic
 11956 | D:9      | Reached skill level 5 in Poison Magic
 11959 | D:9      | Reached ***** piety under Vehumet
 12644 | D:9      | Found a blossoming altar of Fedhas.
 12685 | D:9      | Found a sacrificial altar of Ru.
 12730 | D:9      | Found a white marble altar of Elyvilon.
 12730 | D:9      | Found a shimmering altar of Xom.
 12732 | D:9      | Found an ancient bone altar of Kikubaaqudgha.
 12732 | D:9      | Found a sacrificial altar of Ru.
 12732 | D:9      | Found a basalt altar of Yredelemnul.
 12831 | D:10     | Entered Level 10 of the Dungeon
 12885 | D:10     | Found Borroeco's Magic Scroll Shoppe.
 12980 | D:10     | Bought a scroll of blinking for 90 gold pieces
 12980 | D:10     | Bought a scroll of enchant armour for 90 gold pieces
 12980 | D:10     | Bought a scroll of blinking for 90 gold pieces
 13009 | D:10     | Offered knowledge of Iskenderun's Mystic Blast by Vehumet.
 13123 | D:10     | You fall into a shaft and drop 3 floors!
 13133 | D:13     | Noticed a deep elf pyromancer
 13133 | D:13     | Noticed a centaur warrior
 13137 | D:13     | Noticed a tengu warrior
 13138 | D:13     | Killed a deep elf pyromancer
 13138 | D:13     | Noticed a tengu warrior
 13219 | D:13     | Killed a tengu warrior
 13287 | D:13     | Killed a centaur warrior
 13302 | D:13     | Killed a tengu warrior
 13659 | D:12     | Noticed a centaur warrior
 13669 | D:12     | Killed a centaur warrior
 13882 | D:12     | Reached XP level 12. HP: 23/96 MP: 12/22
 13882 | D:12     | HP: 3/96 [meliai/+0 hand axe (5)]
 13948 | D:12     | Noticed a boulder beetle
 13952 | D:12     | Noticed a boulder beetle
 14871 | D:10     | Found a staircase to the Lair.
 14951 | D:10     | Found a transporter.
 14952 | D:10     | Noticed a two-headed ogre
 14956 | D:10     | Noticed a two-headed ogre
 14956 | D:10     | Noticed a two-headed ogre
 14956 | D:10     | Noticed Palms's ghost (journeyman NaCA)
 14966 | D:10     | Noticed a two-headed ogre
 16044 | D:3      | Killed Antichthon's ghost
 16047 | D:3      | Killed Antichthon's ghost
 16049 | D:3      | Killed Darius099's ghost
 16059 | D:3      | Killed Antichthon's ghost
 16437 | Lair:1   | Entered Level 1 of the Lair of Beasts
 16668 | Lair:1   | Noticed Erica
 16675 | Lair:1   | Killed Erica
 16945 | Lair:1   | Reached skill level 10 in Fighting
 16945 | Lair:1   | Reached skill level 10 in Polearms
 16945 | Lair:1   | Reached skill level 10 in Dodging
 17974 | Lair:2   | Found a hole to the Spider Nest.
 18378 | Lair:2   | Found a staircase to the Shoals.
 18451 | Lair:2   | Learned a level 5 spell: Irradiate
 18520 | Lair:3   | Reached XP level 13. HP: 103/103 MP: 24/24
 19017 | Lair:3   | Offered knowledge of Fireball by Vehumet.
 20279 | Lair:4   | You fall into a shaft and drop 2 floors!
 20279 | Lair:6   | Entered Level 6 of the Lair of Beasts
 20289 | Lair:6   | Reached skill level 10 in Short Blades
 20659 | Lair:5   | Noticed Kirke
 20668 | Lair:5   | Killed Kirke
 20841 | Lair:5   | Noticed Josephine
 20846 | Lair:5   | Reached XP level 14. HP: 88/110 MP: 26/26
 20851 | Lair:5   | Killed Josephine
 21021 | Lair:5   | Learned a level 5 spell: Fireball
 21239 | Lair:5   | Found a staircase to the Slime Pits.
 21357 | Lair:5   | Identified the +0 robe of the Slorg {rF- Dex+6 Stlth+}
 21943 | Lair:6   | Reached skill level 10 in Stealth
 22512 | Lair:6   | Reached skill level 10 in Invocations
 22732 | Lair:6   | Noticed a dire elephant
 22739 | Lair:6   | Killed a dire elephant
 22739 | Lair:6   | Offered knowledge of Freezing Cloud by Vehumet.
 23956 | Orc:1    | Entered Level 1 of the Orcish Mines
 24186 | Orc:1    | Learned a level 5 spell: Freezing Cloud
 24448 | Orc:2    | Entered Level 2 of the Orcish Mines
 24464 | Orc:2    | Found a staircase to the Elven Halls.
 24586 | Orc:2    | Found a transporter.
 24592 | Orc:2    | Noticed IdlyInterested's ghost (journeyman DsFi)
 24620 | Orc:2    | Found a transporter.
 24775 | Orc:2    | Found Liczyhia's Weapon Boutique.
 24998 | Orc:2    | Reached XP level 15. HP: 120/120 MP: 28/28
 25044 | Orc:2    | Offered knowledge of Orb of Destruction by Vehumet.
 25149 | Orc:2    | Found Deetura's General Store.
 25149 | Orc:2    | Found Hauso's Magic Scroll Shoppe.
 25152 | Orc:2    | Found Fut Kupp's Jewellery Shop.
 25152 | Orc:2    | Found Viumieba's Weapon Shoppe.
 25158 | Orc:2    | Bought a condenser vane for 600 gold pieces
 25164 | Orc:2    | Bought a scroll of acquirement for 572 gold pieces
 25754 | Elf:1    | Entered Level 1 of the Elven Halls
 25758 | Elf:1    | Paralysed by an air elemental for 1 turns
 25967 | Elf:1    | Found Foysad's Magic Scroll Boutique.
 26093 | Elf:1    | Noticed a deep elf sorcerer
 26097 | Elf:1    | Killed a deep elf sorcerer
 26098 | Elf:1    | Reached skill level 10 in Long Blades
 26098 | Elf:1    | Reached skill level 10 in Axes
 26098 | Elf:1    | Reached skill level 10 in Maces & Flails
 26098 | Elf:1    | Reached skill level 10 in Staves
 26098 | Elf:1    | Reached skill level 10 in Slings
 26098 | Elf:1    | Reached skill level 10 in Bows
 26098 | Elf:1    | Reached skill level 10 in Crossbows
 26098 | Elf:1    | Reached skill level 10 in Throwing
 26098 | Elf:1    | Reached skill level 10 in Armour
 26098 | Elf:1    | Reached skill level 10 in Shields
 26098 | Elf:1    | Reached skill level 10 in Unarmed Combat
 26098 | Elf:1    | Reached skill level 10 in Spellcasting
 26098 | Elf:1    | Reached skill level 10 in Evocations
 26429 | Elf:1    | Acquired the ring "Fetwev" {Ice +Blink Int+5 Dex-2 Stlth+}
 26725 | Elf:1    | Noticed an Executioner
 27115 | Elf:1    | Found a runed translucent gate.
 27115 | Elf:1    | Found a runed translucent gate.
 27115 | Elf:1    | Found a runed translucent gate.
 27115 | Elf:1    | Found a runed translucent gate.
 27115 | Elf:1    | Found a runed translucent gate.
 27116 | Elf:1    | Found a runed translucent gate.
 27116 | Elf:1    | Noticed a storm dragon
 27116 | Elf:1    | Noticed a storm dragon
 28022 | Elf:2    | Offered knowledge of Ozocubu's Refrigeration by Vehumet.
 28167 | Orc:2    | Bought a scroll of amnesia for 52 gold pieces
 28176 | Orc:2    | Learned a level 7 spell: Ozocubu's Refrigeration
 28903 | Elf:2    | Found a runed translucent gate.
 29620 | D:11     | Reached XP level 16. HP: 129/129 MP: 25/30
 31676 | D:14     | Noticed a sphinx
 31750 | D:14     | Offered knowledge of Conjure Ball Lightning by Vehumet.
 31860 | D:14     | Noticed a storm dragon
 31878 | D:14     | Identified the ring "Mef Oro" {rN+ MP-9 SInv Stlth+}
 31976 | D:14     | Noticed a sphinx
 32299 | D:14     | Got the Catalogue of Feathers and Attacks
 32323 | D:14     | Killed a storm dragon
 32894 | D:14     | Killed a sphinx
 32974 | D:14     | Killed a sphinx
 33344 | D:14     | Found a gate to the Vaults.
 33460 | D:15     | Entered Level 15 of the Dungeon
 33532 | D:15     | Found a stormy altar of Qazlal.
 33730 | D:15     | Found a staircase to the Depths.
 33751 | D:15     | Reached XP level 17. HP: 115/138 MP: 17/32
 34973 | Spider:1 | Entered Level 1 of the Spider Nest
 35431 | Spider:1 | Reached ****** piety under Vehumet
 35961 | Spider:2 | Reached skill level 15 in Short Blades
 35961 | Spider:2 | Gained mutation: You sometimes lose the ability to read
                  | scrolls when taking damage. [mutagenic glow]
 35982 | Spider:1 | Lost mutation: You sometimes lose the ability to read
                  | scrolls when taking damage. [potion of mutation]
 35982 | Spider:1 | Gained mutation: You are partially covered in iridescent
                  | scales. (AC +2) [potion of mutation]
 36195 | Spider:2 | Offered knowledge of Iron Shot by Vehumet.
 36222 | Spider:2 | Learned a level 6 spell: Iron Shot
 36237 | Spider:2 | Reached skill level 10 in Conjurations
 36237 | Spider:2 | Reached skill level 10 in Hexes
 36237 | Spider:2 | Reached skill level 10 in Summonings
 36237 | Spider:2 | Reached skill level 10 in Necromancy
 36237 | Spider:2 | Reached skill level 10 in Translocations
 36237 | Spider:2 | Reached skill level 10 in Transmutations
 36237 | Spider:2 | Reached skill level 10 in Fire Magic
 36237 | Spider:2 | Reached skill level 10 in Ice Magic
 36237 | Spider:2 | Reached skill level 10 in Air Magic
 36237 | Spider:2 | Reached skill level 10 in Earth Magic
 36237 | Spider:2 | Reached skill level 10 in Poison Magic
 37848 | Spider:3 | Reached skill level 15 in Fighting
 37853 | Spider:3 | Reached XP level 18. HP: 149/149 MP: 25/34
 38001 | Spider:3 | Offered knowledge of Lehudib's Crystal Spear by Vehumet.
 38001 | Spider:3 | Offered knowledge of Shatter by Vehumet.
 38001 | Spider:3 | Offered knowledge of Polar Vortex by Vehumet.
 38760 | Spider:4 | Entered Level 4 of the Spider Nest
 38768 | Spider:4 | Found a frozen archway.
 38784 | IceCv    | Entered an ice cave
 39408 | IceCv    | Identified the amulet of Caotang {-Tele Regen+ Str+6}
 39413 | IceCv    | Identified the ring of Goboif {Fly EV+4 Dex+3}
 41933 | Spider:4 | Got a gossamer rune of Zot
 41938 | Spider:4 | Identified the amulet "Ocixi" {Faith rElec}
 42177 | Shoals:1 | Entered Level 1 of the Shoals
 43675 | Shoals:2 | Reached XP level 19. HP: 141/157 MP: 27/35
 44771 | Shoals:3 | Noticed Donald
 44774 | Shoals:3 | Identified the +2 ring mail of Bioj {rN+}
 45102 | Shoals:3 | Noticed Ilsuiw
 45111 | Shoals:3 | Killed Ilsuiw
 45816 | Shoals:3 | Upgraded the game from 0.29-a0-356-g7bc237e783 to
                  | 0.29-a0-359-g541a27f54d
 45860 | Shoals:4 | Entered Level 4 of the Shoals
 45994 | Shoals:4 | Noticed Bai Suzhen
 46557 | Shoals:4 | Identified the ring of Qiohoh {Str+6 Int+2}
 47382 | Shoals:4 | Got a barnacled rune of Zot
 47834 | Depths:1 | Entered Level 1 of the Depths
 48009 | Depths:1 | Reached XP level 20. HP: 168/168 MP: 10/37
 48645 | Depths:1 | Found a gateway to Hell.
 48651 | Depths:1 | Reached skill level 15 in Polearms
 48651 | Depths:1 | Reached skill level 15 in Dodging
 49165 | Depths:1 | Found a broken altar of Ashenzari.
 49579 | Depths:2 | Noticed Lidodu's ghost (adept DDFi)
 49584 | Depths:2 | Found a transporter.
 49593 | Depths:2 | Found a transporter.
 49659 | Depths:2 | Noticed the Enchantress
 49664 | Depths:2 | Killed the Enchantress
 49671 | Depths:2 | HP: 6/168 [poisoned by a spriggan defender]
 49673 | Depths:2 | HP: 2/168 [poisoned by a spriggan defender]
 49676 | Depths:2 | Succumbed to a spriggan defender's poison

Illustrated notes

Levels and vault maps discovered:
D:1:      erik_arrival_triangle_huge, layout_basic, basic_ecumenical_altar
D:2:      layout_basic, kennysheep_generic_room_4
D:3:      layout_loops_ring, gammafunk_ghost_cemetery, kennysheep_boxes
D:4:      layout_basic, lemuel_doored_altar, serial_shops,
          nicolae_shop_waterfront, minmay_bisected
D:5:      minmay_thick_lines, layout_basic, serial_co_window_serial,
          co_window_paths_a, co_window_of_opportunity_a, co_window_paths_b,
          co_window_paths_a, co_window_cross_1, co_window_broadway_b,
          co_window_corner_cb, co_window_broadway_b, co_window_corner_b,
          co_window_of_opportunity_b, glass_columns_c, glass_columns_c,
          minivault_19, minmay_misc_feat_five, uniq_blork_the_orc
D:6:      layout_cave_pods, nicolae_qazlal_style_of_elements,
          minmay_temple_entry_mini_moons, nicolae_grassy_gnolls, uniq_edmund
D:7:      layout_basic, minitemple, uniq_menkaure
D:8:      layout_basic, nicolae_overflow_crystal_walls,
          mainiacjoe_overflow_cross_hatched, chequers_serial_rivers_large_b,
          uniq_maggie
D:9:      layout_long_grid, doesnt_xom_only_xom, lemuel_tele_altar,
          mainiacjoe_overflow_alcove_4, minmay_orc_entry_temple_small,
          uniq_pikel
D:10:     layout_cave_pods, erik_lair_island, gammafunk_ghost_smash,
          serial_shops, nicolae_shop_advertising_works
          [nicolae_subvault_shop_adworks], kennysheep_generic_room_6
D:11:     layout_gridville, minmay_misc_feat_ornament
D:12:     layout_rooms, minmay_fractal_squares_diagonal_5
D:13:     layout_basic
D:14:     minmay_tile_spiral, layout_cave_pools, david_vaults_5,
          serial_bayou_pond_c
D:15:     gammafunk_depths_entry_grave, layout_basic, old_standard_altar,
          grunt_ministairs_7
Lair:1:   layout_hall_layers, st_stairs_7, grunt_megastairs_5,
          serial_bayou_shore_a, uniq_erica
Lair:2:   layout_cellular_growth, minmay_shoals_entry_lonely_mermaid,
          dummy_spider_entry, minivault_25, chequers_serial_rivers_small_a,
          st_stairs_11, grunt_megastairs_3
Lair:3:   layout_regular_city
Lair:4:   layout_concentric_octagons, serial_forest, infiniplex_forest_lined_2,
          infiniplex_forest_join, infiniplex_forest_split,
          infiniplex_forest_clump_long, infiniplex_forest_clump_curved,
          infiniplex_forest_corner_2, infiniplex_forest_lined_2,
          infiniplex_forest_clump_diagonal, infiniplex_forest_straight_3,
          grunt_megastairs_1
Lair:5:   layout_concentric_octagons, slime_dummy, uniq_kirke, uniq_josephine
Lair:6:   guppyfry_lair_end_dragon, layout_loops_ring, hangedman_lair_in_review,
          chequers_serial_rivers_room_a, grunt_forest_large_clearing_hut
Shoals:1: layout_shoals
Shoals:2: layout_shoals
Shoals:3: layout_shoals, uniq_ilsuiw, uniq_donald
Shoals:4: shoals_end_simple, layout_shoals, shoals_ilsuiw_alternative,
          uniq_bai_suzhen
Spider:1: layout_cave_pods
Spider:2: layout_spider_delve, special_room [special_room_bee]
Spider:3: layout_chambers
Spider:4: grunt_spider_rune_parallel, portal_ice_cave_entry_pillars_2,
          nicolae_spider_shape
Orc:1:    layout_caves, basic_altar
Orc:2:    grunt_orc_tribal_feast, layout_caves, gammafunk_ghost_stat_death,
          serial_shops, shop, hellmonk_bongcloud_opening
Elf:1:    nicolae_elf_arrival_aired_out, layout_loops_ring, serial_shops, shop,
          orc_legates
Elf:2:    elven_hall_of_blades_hangedman_original [nicolae_blade_bullseye],
          layout_loops_corners
Depths:1: layout_cave_pools, kennysheep_nondescript, grunt_mini_vestibule,
          kennysheep_diamond, lemuel_flame_loot_1,
          infiniplex_staircase_pool_lava
Depths:2: minmay_open_boxes_in_corner, layout_gridlike, enter_ziggurat_f,
          abyss_entry_small_statue_room, pan_entry, kennysheep_crisscross,
          gammafunk_ghost_arena, serial_glass, glass_columns_c, glass_columns_c,
          hell_entry, infiniplex_staircase_zigzag_3, uniq_enchantress,
          uniq_aizul, uniq_mara

Skill      XL: |  1  2  3  4  5  6  7  8  9 10 11 12 13 14 15 16 17 18 19 20 |
---------------+-------------------------------------------------------------+-----
Invocations    | 1 2 3 4 5 6 7 8 9 10 11 12 13 14 | 14.9
Short Blades   | 1 2 3 4 5 7 9 10 12 13 14 15 16 17 | 17.9
Long Blades    | 1 2 3 4 5 6 7 8 9 10 11 12 13 | 13.7
Axes           | 1 2 3 4 5 6 7 8 9 10 11 12 13 | 13.7
Maces & Flails | 1 2 3 4 5 6 7 8 9 10 11 12 13 | 13.7
Staves         | 1 2 3 4 5 6 7 8 9 10 11 12 13 | 13.7
Slings         | 1 2 3 4 5 6 7 8 9 10 11 12 13 | 13.7
Bows           | 1 2 3 4 5 6 7 8 9 10 11 12 13 | 13.7
Crossbows      | 1 2 3 4 5 6 7 8 9 10 11 12 13 | 13.7
Throwing       | 1 2 3 4 5 6 7 8 9 10 11 12 13 | 13.7
Armour         | 1 2 3 4 5 6 7 8 9 10 11 12 13 | 13.7
Shields        | 1 2 3 4 5 6 7 8 9 10 11 12 13 | 13.7
Unarmed Combat | 1 2 3 4 5 6 7 8 9 10 11 12 13 | 13.7
Spellcasting   | 1 2 3 4 5 6 7 8 9 10 11 12 13 | 13.7
Evocations     | 1 2 3 4 5 6 7 8 9 10 11 12 13 | 13.7
Conjurations   | 1 2 3 4 5 6 7 8 9 10 11 | 11.6
Hexes          | 1 2 3 4 5 6 7 8 9 10 11 | 11.6
Summonings     | 1 2 3 4 5 6 7 8 9 10 11 | 11.6
Necromancy     | 1 2 3 4 5 6 7 8 9 10 11 | 11.6
Translocations | 1 2 3 4 5 6 7 8 9 10 11 | 11.6
Transmutations | 1 2 3 4 5 6 7 8 9 10 11 | 11.6
Fire Magic     | 1 2 3 4 5 6 7 8 9 10 11 | 11.6
Ice Magic      | 1 2 3 4 5 6 7 8 9 10 11 | 11.6
Air Magic      | 1 2 3 4 5 6 7 8 9 10 11 | 11.6
Earth Magic    | 1 2 3 4 5 6 7 8 9 10 11 | 11.6
Poison Magic   | 1 2 3 4 5 6 7 8 9 10 11 | 11.6
Fighting       | 7 8 9 10 11 12 13 15 16 17 | 17.5
Polearms       | 7 8 9 10 11 12 13 14 15 | 15.1
Dodging        | 7 8 9 10 11 12 13 14 15 | 15.1
Stealth        | 5 6 7 8 9 10 11 12 13 14 | 14.3

Action                   |  1- 3 |  4- 6 |  7- 9 | 10-12 | 13-15 | 16-18 | 19-21 || total
-------------------------+-------+-------+-------+-------+-------+-------+-------++-------
Melee: Spear             |    98 |   198 |   122 |   117 |       |       |       ||   535
       Bite              |     7 |    22 |    32 |    21 |    11 |    49 |    21 ||   163
       Punch             |     1 |     2 |     3 |       |       |       |       ||     6
       Trident           |       |       |   124 |       |       |       |       ||   124
       Dagger            |       |       |       |   103 |       |       |       ||   103
       Staff             |       |       |       |       |    96 |   256 |    92 ||   444
 Cast: Magic Dart        |    30 |    27 |    10 |       |       |       |       ||    67
       Mephitic Cloud    |       |    16 |    37 |    23 |     3 |       |       ||    79
       Ignite Poison     |       |       |    16 |    79 |    85 |   130 |    30 ||   340
       Olgreb's Toxic Ra |       |       |     7 |    66 |    91 |   167 |    36 ||   367
       Dispel Undead     |       |       |       |    22 |     1 |    51 |    23 ||    97
       Irradiate         |       |       |       |     2 |    88 |    81 |     9 ||   180
       Fireball          |       |       |       |       |    52 |       |       ||    52
       Freezing Cloud    |       |       |       |       |    48 |    26 |       ||    74
       Iron Shot         |       |       |       |       |       |   106 |   122 ||   228
       Ozocubu's Refrige |       |       |       |       |       |       |    70 ||    70
Evoke: Condenser vane    |       |       |       |       |     1 |       |       ||     1
  Use: Scroll            |     1 |     4 |     3 |    13 |    15 |    18 |     3 ||    57
       Potion            |       |     2 |     4 |     4 |     3 |     8 |     1 ||    22
 Stab: Sleeping          |    14 |     3 |     6 |     9 |     2 |     6 |       ||    40
       Confused          |       |    16 |    14 |       |       |       |       ||    30
       Invisible         |       |       |       |       |       |     1 |       ||     1
Armor: Robe              |     2 |    15 |    23 |    40 |    37 |   155 |    46 ||   318
Dodge: Dodged            |    24 |    79 |   109 |   187 |   154 |   515 |   189 ||  1257
Block: Buckler           |       |       |     3 |    76 |    53 |   178 |    65 ||   375

Table legend: (Time is in decaauts)
 A = Elapsed time spent in this place.
 B = Non-inter-level travel time spent in this place.
 C = Inter-level travel time spent in this place.
 D = Time resting spent in this place.
 E = Time spent auto-exploring this place.
 F = Levels seen in this place.
 G = Mean time per level.
                   A        B        C        D        E       F      G
               +--------+--------+--------+--------+--------+-----+--------+
         Total |  49476 |  46514 |   2962 |   3000 |  36359 |  36 | 1374.3 |
       Dungeon |  22264 |  20738 |   1526 |   1406 |  16134 |  15 | 1484.3 |
          Lair |   7811 |   7232 |    579 |      0 |   6292 |   6 | 1301.8 |
        Shoals |   5472 |   5317 |    155 |     82 |   4433 |   4 | 1368.0 |
   Spider Nest |   6166 |   5940 |    226 |    525 |   4385 |   4 | 1541.5 |
  Orcish Mines |   1972 |   1740 |    232 |      0 |   1401 |   2 |  986.0 |
   Elven Halls |   3058 |   2877 |    181 |    527 |   2011 |   2 | 1529.0 |
        Depths |   1783 |   1723 |     60 |      0 |   1431 |   2 |  891.5 |
      Ice Cave |    946 |    946 |      0 |    460 |    272 |   1 |  946.0 |
               +--------+--------+--------+--------+--------+-----+--------+

Top non-repeatable levels by time:
    D:14: 2204 daAuts
Spider:4: 2154 daAuts
     D:5: 2124 daAuts
  Lair:6: 2106 daAuts
     D:4: 1945 daAuts
   Elf:1: 1914 daAuts
    D:10: 1795 daAuts
     D:6: 1770 daAuts
Shoals:4: 1767 daAuts
     D:8: 1656 daAuts
     D:9: 1608 daAuts
Depths:1: 1514 daAuts
Spider:3: 1513 daAuts
     D:7: 1507 daAuts
   Orc:2: 1482 daAuts
